 Dungeon Crawl Stone Soup version 0.26.1-11-gd32895ea62 (webtiles) character file.

Game seed: 6566460257982930596

14138 Ijustatesigmund the Fighter (level 11, -5/101 HPs)
             Began as a Demonspawn Fighter on Apr 16, 2021.
             Was a High Priest of Cheibriados.
             Slain by a skeletal warrior
             ... wielding a cursed -3 glaive
             ... led by a skeletal warrior
              (15 damage)
             ... on level 11 of the Dungeon.
             The game lasted 00:21:08 (13770 turns).

Ijustatesigmund the Fighter (Demonspawn Fighter)   Turns: 13770, Time: 00:21:09

Health: -5/101     AC: 19    Str: 31    XL:     11   Next: 84%
Magic:  0/21       EV: 10    Int: 25    God:    Cheibriados [*****.]
Gold:   376        SH: 11    Dex: 27    Spells: 10/10 levels left

rFire    . . .     SeeInvis .   w - +7 war axe of Uqoroc {freeze, +Inv rElec Str+2 Stlth+}
rCold    . . .     Faith    .   c - +0 kite shield
rNeg     . . .     Spirit   +   v - +3 chain mail
rPois    .         Reflect  .   (no helmet)
rElec    +         Harm     .   d - +0 cloak {Will+}
rCorr    .         Rampage  .   p - +0 pair of gloves
Will     ++...                  e - +0 pair of boots
Stlth    ..........             (no amulet)
HPRegen  0.26/turn              o - ring of willpower
MPRegen  0.17/turn              (no ring)

@: very slow
A: mutation resistance 1, powered by death 1, magic shield, sharp scales 3
a: Renounce Religion, Evoke Invisibility, Bend Time, Temporal Distortion,
Slouch, Step From Time


You were on level 11 of the Dungeon.
You worshipped Cheibriados.
Cheibriados was extremely pleased with you.
You visited 2 branches of the dungeon, and saw 12 of its levels.
You also visited: Bailey.

You collected 933 gold pieces.
You spent 557 gold pieces at shops.

Inventory:

Hand Weapons
 a - a +0 war axe
 b - a +2 vorpal executioner's axe
 m - a +0 flail of protection
 w - the +7 war axe of Uqoroc (weapon) {freeze, +Inv rElec Str+2 Stlth+}
   (You bought it in a shop on level 7 of the Dungeon)

   It has been specially enchanted to freeze those struck by it, causing extra
   injury to most foes and up to half again as much damage against particularly
   susceptible opponents.
   It can also slow down cold-blooded creatures.
   It affects your strength (+2).
   It insulates you from electricity.
   It lets you turn invisible.
   It makes you more stealthy.
Armour
 c - a +0 kite shield (worn)
 d - a +0 cloak of willpower (worn)
 e - a +0 pair of boots (worn)
 p - a +0 pair of gloves (worn)
 s - a +2 scale mail of fire resistance
 v - a +3 chain mail (worn)
Jewellery
 h - an uncursed ring of fire
 o - a ring of willpower (left hand)
Wands
 l - a wand of acid (7)
 C - a wand of paralysis (8)
Scrolls
 g - 7 scrolls of remove curse
 i - 6 scrolls of identify
 j - 3 scrolls of enchant weapon
 y - a scroll of fear
 z - a scroll of amnesia
 A - 2 scrolls of torment {unknown}
 B - a scroll of magic mapping
Potions
 f - 3 potions of attraction
 k - 2 potions of curing
 u - a potion of cancellation
 x - 2 potions of ambrosia


   Skills:
 + Level 14.7 Fighting
 - Level 8.1 Axes
 - Level 5.0 Armour
 - Level 4.4 Dodging
 - Level 2.6 Shields
 + Level 13.3 Invocations


You had 10 spell levels left.
You didn't know any spells.
Your spell library contained the following spells:

 Spells                   Type           Power        Failure   Level
 Animate Skeleton         Necr           0%           97%         1
 Apportation              Tloc           0%           97%         1
 Corona                   Hex            0%           97%         1
 Summon Small Mammal      Summ           0%           97%         1
 Ensorcelled Hibernation  Hex/Ice        0%           99%         2
 Confusing Touch          Hex            0%           100%        3
 Dazzling Flash           Conj/Hex       0%           100%        3
 Gell's Gravitas          Tloc           0%           100%        3
 Tukima's Dance           Hex            0%           100%        3
 Petrify                  Tmut/Erth      0%           100%        4
 Metabolic Englaciation   Hex/Ice        0%           100%        5
 Yara's Violent Unravell  Hex/Tmut       0%           100%        5


Dungeon Overview and Level Annotations

Branches:
Dungeon (11/15)            Temple (1/1) D:4            Lair (0/6) D:9
    Orc (0/2) D:9          Bailey (visited)

Altars:
Ashenzari
Cheibriados
Dithmenos
Elyvilon
Fedhas
Gozag
Hepliaklqana
Kikubaaqudgha
Makhleb
Nemelex Xobeh
Okawaru
Qazlal
Ru
Sif Muna
Trog
Uskayaw
Vehumet
Wu Jian
Xom
Yredelemnul
Zin
The Shining One

Shops:
D:6 [   D:7 (


Innate Abilities, Weirdness & Mutations

You regenerate a little health from kills.
When hurt, damage is shared between your health and your magic reserves.
You are completely covered in razor-sharp scales. (AC +3, Slay +3)
You are somewhat resistant to further mutation.


Message History

You hit the skeletal warrior.
The phantom blinks!
You block the skeletal warrior's attack.
The skeletal warrior hits you from afar with a +0 trident of freezing.
* * * LOW HITPOINT WARNING * * *
The skeletal warrior freezes you.
* * * LOW HITPOINT WARNING * * *
You feel better.
The phantom blinks!
The skeletal warrior hits you with a +0 flail!
* * * LOW HITPOINT WARNING * * *
You block the skeletal warrior's attack.
The skeletal warrior hits you but does no damage.
You block the skeletal warrior's attack.
The skeletal warrior hits you but does no damage.
The skeletal warrior hits you from afar with a +0 trident of freezing!!
* * * LOW HITPOINT WARNING * * *
The skeletal warrior freezes you.
* * * LOW HITPOINT WARNING * * *
The phantom blinks!
The skeletal warrior hits you from afar with a cursed -3 glaive!
You die...

#####.#........#
#.....####.#
..#####
##.###### ##.#
#)......# #..
#.......# ≈≈)
#......?#
#.z.z§..#
#..zz...#
#..@....#
#..$....#
#..W....#
#.......#
##.###### #. #.
#.


You could see 4 skeletal warriors and a phantom.

Vanquished Creatures
  A sphinx (D:9)
  A stone giant (D:9)
  A two-headed ogre (D:8)
  An unseen horror (D:9)
  A skeletal warrior (D:11)
  A deep elf mage (D:11)
  2 ugly things
  A cyclops (D:9)
  A troll (D:10)
  The ghost of hallab the Chopper, an amateur DrGl (D:4)
  A shadow (D:9)
  Sigmund (D:6)
  A wraith (D:10)
  6 yaks (D:10)
  18 orc warriors
  3 sky beasts
  3 black bears (D:9)
  3 ice beasts
  3 ogres (D:4)
  2 necrophages
  10 centaurs
  2 big kobolds
  9 bullfrogs
  A water moccasin zombie (D:11)
  9 scorpions
  A water moccasin skeleton (D:8)
  4 wights (D:8)
  An electric eel (D:11)
  2 howler monkeys (D:10)
  A centaur zombie (D:5)
  5 hounds
  6 orc priests
  A jelly (D:7)
  Crazy Yiuf (D:3)
  A bullfrog skeleton (D:11)
  2 centaur skeletons
  8 orc wizards
  4 iguanas
  2 worker ants
  A centaur simulacrum (D:4)
  A hound zombie (D:8)
  2 worker ant zombies
  A howler monkey skeleton (D:9)
  7 adders
  A shadow imp (D:7)
  2 white imps
  2 ufetubi (D:6)
  An adder zombie (D:8)
  3 dart slugs
  2 adder simulacra (D:4)
  A leopard gecko (D:4)
  65 orcs
  7 giant cockroaches
  11 goblins
  6 hobgoblins
  16 jackals
  7 quokkas
  A ball python (D:2)
  A ball python simulacrum (D:4)
  A ball python skeleton (D:6)
  12 bats
  3 frilled lizards
  A giant cockroach simulacrum (D:4)
  2 jackal zombies
  16 kobolds
  A quokka simulacrum (D:4)
  7 rats
303 creatures vanquished.

Vanquished Creatures (others)
  An adder (D:11)
  6 fungi (D:9)
  9 plants (D:9)
16 creatures vanquished.

Grand Total: 319 creatures vanquished

Notes
Turn   | Place    | Note
-------+----------+-------------------------------------------
     0 | D:1      | Ijustatesigmund the Demonspawn Fighter began the quest for
                  | the Orb.
     0 | D:1      | Reached XP level 1. HP: 18/18 MP: 1/1
     9 | D:1      | Noticed an ogre
   201 | D:1      | Gained mutation: When hurt, damage is shared between your
                  | health and your magic reserves. [demonic ancestry]
   201 | D:1      | Reached XP level 2. HP: 24/24 MP: 2/2
  1193 | D:2      | Reached skill level 1 in Dodging
  1202 | D:2      | Gained mutation: You regenerate a little health from kills.
                  | [demonic ancestry]
  1202 | D:2      | Reached XP level 3. HP: 29/29 MP: 3/3
  2093 | D:3      | Reached XP level 4. HP: 21/35 MP: 2/4
  2519 | D:3      | Reached XP level 5. HP: 36/42 MP: 2/5
  2645 | D:3      | Reached skill level 4 in Fighting
  2876 | D:3      | Found a runed translucent door.
  3006 | D:3      | Noticed Crazy Yiuf
  3041 | D:3      | Killed Crazy Yiuf
  3046 | D:3      | Gained mutation: Your spells are a little harder to cast,
                  | but a little more powerful. [potion of mutation]
  3046 | D:3      | Gained mutation: You tend to lose your temper in combat.
                  | [potion of mutation]
  3046 | D:3      | Lost mutation: Your spells are a little harder to cast, but
                  | a little more powerful. [potion of mutation]
  3046 | D:3      | Gained mutation: You are somewhat resistant to further
                  | mutation. [potion of mutation]
  3416 | D:4      | Noticed an ogre
  3426 | D:4      | HP: 1/42 [ogre/cursed -3 giant club (24)]
  3427 | D:4      | Killed an ogre
  3428 | D:4      | Reached XP level 6. HP: 2/49 MP: 0/6
  3838 | D:4      | Noticed hallab's ghost (amateur DrGl)
  4046 | D:4      | Lost mutation: You tend to lose your temper in combat.
                  | [potion of mutation]
  4436 | D:4      | Found a runed translucent gate.
  4436 | D:4      | Found a runed translucent gate.
  4436 | D:4      | Found a runed translucent gate.
  4456 | D:4      | Found a staircase to the Ecumenical Temple.
  4599 | D:4      | Reached skill level 5 in Axes
  4599 | D:4      | Gained mutation: You are partially covered in razor-sharp
                  | scales. (AC +1, Slay +1) [demonic ancestry]
  4599 | D:4      | Reached XP level 7. HP: 22/55 MP: 3/7
  5077 | D:4      | Killed hallab's ghost
  5078 | D:4      | Reached skill level 5 in Fighting
  5208 | D:5      | Entered Level 5 of the Dungeon
  5230 | D:5      | Found a hazy altar of Hepliaklqana.
  5590 | D:5      | Reached XP level 8. HP: 48/63 MP: 5/8
  6305 | Temple   | Entered the Ecumenical Temple
  6600 | Temple   | Became a worshipper of Cheibriados the Contemplative
  6759 | D:6      | Found a sacrificial altar of Ru.
  6768 | D:6      | Reached skill level 6 in Fighting
  6839 | D:6      | Reached skill level 1 in Invocations
  6860 | D:6      | Found Yzuresk's Armour Shoppe.
  6867 | D:6      | Bought a +2 scale mail of fire resistance for 294 gold
                  | pieces
  6911 | D:6      | Noticed Sigmund
  6927 | D:6      | Killed Sigmund
  7799 | D:7      | Reached * piety under Cheibriados
  7848 | D:7      | Gained mutation: You are mostly covered in razor-sharp
                  | scales. (AC +2, Slay +2) [demonic ancestry]
  7848 | D:7      | Reached XP level 9. HP: 66/71 MP: 8/11
  7874 | D:7      | Found a flagged portal.
  7889 | Bailey   | Entered a bailey
  8069 | Bailey   | Reached ** piety under Cheibriados
  8070 | Bailey   | Reached skill level 7 in Fighting
  8543 | Bailey   | Reached skill level 5 in Invocations
  8931 | Bailey   | Reached skill level 5 in Armour
  9084 | Bailey   | Reached skill level 8 in Fighting
  9628 | D:7      | Found a radiant altar of Vehumet.
  9629 | D:7      | Found a burning altar of Makhleb.
  9629 | D:7      | Found a basalt altar of Yredelemnul.
  9721 | D:7      | Found Koxt's Antique Weapon Shop.
  9792 | D:8      | Reached *** piety under Cheibriados
  9819 | D:8      | Reached XP level 10. HP: 68/81 MP: 12/15
  9859 | D:7      | Bought an encrusted war axe for 263 gold pieces
  9859 | D:7      | Identified the +7 war axe of Uqoroc {freeze, +Inv rElec
                  | Str+2 Stlth+} (You bought it in a shop on level 7 of the
                  | Dungeon)
  9958 | D:8      | Found a sacrificial altar of Ru.
 10267 | D:8      | Reached skill level 9 in Fighting
 10318 | D:8      | Noticed a two-headed ogre
 10323 | D:8      | Killed a two-headed ogre
 10358 | D:8      | Reached skill level 10 in Fighting
 10757 | D:8      | Reached **** piety under Cheibriados
 10904 | D:9      | Killed an unseen horror
 10905 | D:9      | Reached skill level 11 in Fighting
 10932 | D:9      | Reached skill level 10 in Invocations
 11009 | D:9      | Reached ***** piety under Cheibriados
 11026 | D:9      | Found an opulent altar of Gozag.
 11037 | D:9      | Found a bloodstained altar of Trog.
 11132 | D:9      | Found a large runed translucent door.
 11132 | D:9      | Found a large runed translucent door.
 11137 | D:9      | Noticed a sphinx
 11137 | D:9      | Noticed a stone giant
 11162 | D:9      | Noticed a cyclops
 11170 | D:9      | Killed a cyclops
 11171 | D:9      | Reached skill level 12 in Fighting
 11353 | D:9      | Gained mutation: You are completely covered in razor-sharp
                  | scales. (AC +3, Slay +3) [demonic ancestry]
 11353 | D:9      | Reached XP level 11. HP: 95/95 MP: 19/19
 11385 | D:9      | Found a staircase to the Lair.
 11454 | D:9      | Found a staircase to the Orcish Mines.
 11843 | D:9      | Killed a sphinx
 11852 | D:9      | Killed a stone giant
 11853 | D:9      | Reached skill level 13 in Fighting
 12129 | D:9      | Found a shimmering altar of Xom.
 12132 | D:9      | Found a hazy altar of Hepliaklqana.
 12157 | D:10     | Entered Level 10 of the Dungeon
 12699 | D:10     | Reached skill level 14 in Fighting
 13038 | D:11     | Noticed a purple ugly thing
 13038 | D:11     | Noticed a purple ugly thing
 13051 | D:10     | Killed a purple ugly thing
 13169 | D:11     | Killed a purple ugly thing
 13641 | D:11     | Noticed a deep elf mage
 13644 | D:11     | Killed a deep elf mage
 13747 | D:11     | Noticed a skeletal warrior
 13748 | D:11     | Noticed a skeletal warrior
 13749 | D:11     | Noticed a skeletal warrior
 13749 | D:11     | Noticed a skeletal warrior
 13754 | D:11     | Killed a skeletal warrior
 13762 | D:11     | Noticed a skeletal warrior
 13770 | D:11     | Slain by a skeletal warrior

Illustrated notes

Levels and vault maps discovered:
D:1:      evilmike_arrival_come_back, layout_basic, serial_aquarium,
          aquarium_bridge_straight [aquarium_subvault_bridge,
          aquarium_subvault_wall, aquarium_subvault_bridge,
          aquarium_subvault_wall], aquarium_bridge_island_small
          [aquarium_subvault_small_water, aquarium_subvault_bridge,
          aquarium_subvault_bridge, aquarium_subvault_wall,
          aquarium_subvault_window], aquarium_window_1, aquarium_window_corner,
          aquarium_window_fake, aquarium_window_fake, aquarium_view_2d,
          aquarium_balcony_1a, aquarium_pool_side, minmay_statues_item
D:2:      layout_basic, chequers_serial_rivers_micro_a, chequers_garden,
          interstate_on_off
D:3:      layout_loops_ring, uniq_crazy_yiuf_cottage
D:4:      layout_cave_pods, minmay_temple_entry_nine_rooms, gammafunk_ghost_icy
D:5:      layout_rooms, basic_altar, minmay_small_thing
D:6:      layout_basic, nicolae_ru_great_annihilating_truth, serial_shops,
          nicolae_shop_trees, uniq_sigmund
D:7:      layout_basic, chequers_temple_overflow_statue_of_worship,
          enter_bailey_4, serial_shops, kennysheep_little_box
D:8:      layout_basic, serial_corexii_hall, corexii_hall_statues_deadend,
          chequers_hall_statues_y, corexii_hall_statues_l,
          chequers_hall_statues_wall_a, basic_altar
D:9:      layout_irregular_city, bloody_trog, nicolae_gozag_seed_capital,
          grunt_lair_entry_orc_guard_hut, david_orc_4, jmf_multi_god_temple2
D:10:     layout_basic
D:11:     layout_basic
Temple:   minmay_temple_bridge_d

Skill      XL: |  1  2  3  4  5  6  7  8  9 10 11 |
---------------+----------------------------------+-----
Axes           | 2 3 4 5 6 7 8 |  8.1
Dodging        | 1 2 3 4 |  4.4
Fighting       | 4 5 6 8 12 14 | 14.7
Invocations    | 3 6 10 13 | 13.3
Armour         | 3 5 |  5.0
Shields        | |  2.6

Action                   |  1- 3 |  4- 6 |  7- 9 | 10-12 || total
-------------------------+-------+-------+-------+-------++-------
Melee: War axe           |   161 |   162 |   397 |   237 ||   957
Evoke: Wand              |       |     1 |    27 |     2 ||    30
  Use: Scroll            |     3 |     3 |     5 |     7 ||    18
       Potion            |       |     6 |     3 |     4 ||    13
 Stab: Invisible         |       |     1 |       |       ||     1
Armor: Scale mail        |    77 |    83 |   193 |    45 ||   398
       Chain mail        |       |       |       |    58 ||    58
Dodge: Dodged            |    62 |    65 |   186 |    87 ||   400
Block: Kite shield       |    89 |    71 |   205 |   162 ||   527
